 Dungeon Crawl Stone Soup version 0.30-a0-916-g9813417 (webtiles) character file.

Game seed: 4700369509702032487

553 Nithhogg the Chopper (level 7, -2/58 (61) HPs)
             Began as a Hill Orc Fighter on Mar 21, 2023.
             Succumbed to a gnoll's poison
             ... on level 3 of the Dungeon.
             The game lasted 00:04:42 (2923 turns).

Nithhogg the Chopper (Hill Orc Fighter)             Turns: 2923, Time: 00:04:43

HP:   -2/58 (61)    AC:  7    Str: 21    XL:     7   Next: 29%
MP:   10/10         EV:  9    Int:  8    God:
Gold: 204           SH:  0    Dex: 10    Spells: 6/6 levels left

rFire   . . .      SeeInvis .    a - +1 war axe
rCold   . . .      Faith    .    (no shield)
rNeg    . . .      Spirit   .    b - +0 scale mail
rPois   .          Reflect  .    (no helmet)
rElec   .          Rampage  .    (no cloak)
rCorr   .                        (no gloves)
Will    .....                    (no boots) Stlth
                                 (no amulet)
HPRegen 0.29/turn                (no ring)
MPRegen 0.12/turn                (no ring)

@: mighty, lethally poisoned (-2 -> -37), lightly drained
A: no striking features
a: no special abilities


You were on level 3 of the Dungeon.
You visited 1 branch of the dungeon, and saw 3 of its levels.

You collected 204 gold pieces.

Inventory:

Hand Weapons
 a - a +1 war axe (weapon)
Armour
 b - a +0 scale mail (worn)
 c - a +0 buckler
Jewellery
 p - a ring of ice
Scrolls
 f - a scroll of enchant weapon
 g - a scroll of noise {unknown}
 h - a scroll of vulnerability
 j - 2 scrolls of poison {unknown}
 k - a scroll of blinking {unknown}
 l - 2 scrolls of fog {unknown}
 m - a scroll of amnesia {unknown}
 n - a scroll of silence {unknown}
 o - a scroll of torment {unknown}
Potions
 e - 2 potions of resistance {unknown}


   Skills:
 + Level 5.3 Fighting
 * Level 6.7 Axes
 + Level 4.9 Armour
 - Level 3.2 Shields
 + Level 4.2 Invocations


You had 6 spell levels left.
You didn't know any spells.
Your spell library contained the following spells:

 Spells                   Type           Power      Damage    Failure   Level
 Scorch                   Fire           0%         2d5       86%         2
 Flame Wave               Conj/Fire      0%         2d4       100%        4
 Summon Cactus Giant      Summ           0%         N/A       100%        6


Dungeon Overview and Level Annotations

Branches:
Dungeon (3/15)

Altars:


Message History

The gnoll barely misses you. The kobold hits you but does no damage.
You feel drained. The gnoll hits you but does no damage.
You are more poisoned.
You slice the kobold!!
You kill the kobold!
You feel sick. The gnoll barely misses you.
You slash the kobold!
You kill the kobold!
You feel sick. The gnoll barely misses you.
You slash the kobold!
You kill the kobold!
You feel sick.
The gnoll hits you from afar with a +0 halberd of venom.
You are more poisoned.
You feel sick. The gnoll closely misses you.
There is an open door, spattered with blood here.
Items here: ( ))))) †††.
You hit the gnoll.
The gnoll is lightly wounded.
You feel very sick.
The gnoll hits you with a +0 halberd of venom!
You are more poisoned.
You slash the gnoll!
The gnoll is severely wounded.
You feel very sick. The gnoll hits you but does no damage.
You are lethally poisoned!
You barely miss the gnoll.
The gnoll is severely wounded.
* * * LOW HITPOINT WARNING * * *
You feel very sick.
The gnoll hits you with a +0 halberd of venom.
* * * LOW HITPOINT WARNING * * *
You are more poisoned.
The gnoll hits you with a +0 halberd of venom.
* * * LOW HITPOINT WARNING * * *
You are more poisoned.
You closely miss the gnoll.
The gnoll is severely wounded.
You die...

~~~~~~~~~~~~~~*****~~~~**
###############,,,*~~~~~**
.........(....#,,,*~~~~~~*
.......(.(....#,,,*~~~~~~**
........((....##+#*~~~~~~~*
...########......#~~~~~~~~**
...# #......#~~~~~~~~~*
...########....).#~~~~~~~~~*
..............##@#*~~~~~~~~**
..............#$g$#~~~~~~~~~*
..............#$$$#~~~~~~~~~*
###############$$$#~~~~~~~~~*
≈≈≈≈≈≈≈≈≈≈≈~~~#####~~~~~~~~~*
≈≈~≈≈≈≈≈≈≈≈≈~~~~~~~~~~~~~~~~*
~~≈~≈~~~~~~~~~~~~~~~~~~~~~~~*
~~~~.~.~~.~~~~,~~~~,,~,~~~~~*
............,,,,,,,,,,,,,,,,*


You could see a gnoll.

Vanquished Creatures
  4 kobold brigands (D:3)
  An orc priest (D:2)
  10 gnolls (D:3)
  An adder (D:3)
  2 worms
  4 dart slugs (D:2)
  8 orcs
  6 ball pythons
  2 endoplasms
  4 giant cockroaches
  6 goblins
  6 hobgoblins
  9 jackals (D:1)
  4 quokkas
  7 bats
  2 frilled lizards
  45 kobolds
  7 rats
128 creatures vanquished.

Notes
Turn   | Place    | Note
-------+----------+-------------------------------------------
     0 | D:1      | Nithhogg the Hill Orc Fighter began the quest for the Orb.
     0 | D:1      | Reached XP level 1. HP: 19/19 MP: 1/1
    77 | D:1      | Reached skill level 3 in Axes
   127 | D:1      | Reached XP level 2. HP: 25/27 MP: 2/2
   185 | D:1      | Reached skill level 1 in Invocations
   341 | D:1      | Reached XP level 3. HP: 32/33 MP: 3/3
   878 | D:2      | Reached skill level 4 in Axes
   943 | D:2      | Reached XP level 4. HP: 40/40 MP: 5/5
  1838 | D:3      | Reached XP level 5. HP: 41/47 MP: 6/6
  2017 | D:3      | Noticed a kobold brigand
  2028 | D:3      | Killed a kobold brigand
  2029 | D:3      | Reached skill level 5 in Axes
  2029 | D:3      | Reached XP level 6. HP: 24/53 MP: 8/8
  2366 | D:3      | Reached skill level 5 in Fighting
  2530 | D:3      | Reached skill level 6 in Axes
  2534 | D:3      | Reached XP level 7. HP: 29/61 MP: 9/9
  2923 | D:3      | Succumbed to a gnoll's poison

Illustrated notes

Levels and vault maps discovered:
D:1:      saegor_arrival_fortress, layout_basic, amcnicky_mini_pool_small,
          minivault_25
D:2:      layout_basic
D:3:      minmay_goblin_kobold_castle, layout_basic, xom_teletrap_fun

Skill      XL: |  1  2  3  4  5  6  7 |
---------------+----------------------+-----
Axes           | 3 4 5 6 |  6.7
Invocations    | 1 2 3 4 |  4.2
Fighting       | 4 5 |  5.3
Armour         | 4 |  4.9
Shields        | |  3.2

Action                     |  1- 3 |  4- 6 |  7- 9 || total
---------------------------+-------+-------+-------++-------
  Melee: War axe           |   126 |   143 |    54 ||   323
         Punch             |     1 |     2 |     1 ||     4
    Use: Scroll            |       |       |     3 ||     3
         Potion            |       |       |     1 ||     1
 Armour: Scale mail        |   104 |    70 |    12 ||   186
  Dodge: Dodged            |    83 |   102 |    21 ||   206

Table legend: (Time is in decaauts)
 A = Elapsed time spent in this place.
 B = Non-inter-level travel time spent in this place.
 C = Inter-level travel time spent in this place.
 D = Time resting spent in this place.
 E = Time spent auto-exploring this place.
 F = Levels seen in this place.
 G = Mean time per level.
                   A        B        C        D        E       F      G
               +--------+--------+--------+--------+--------+-----+--------+
         Total |   3010 |   2967 |     43 |      0 |   2294 |   3 | 1003.3 |
       Dungeon |   3010 |   2967 |     43 |      0 |   2294 |   3 | 1003.3 |
               +--------+--------+--------+--------+--------+-----+--------+

Top non-repeatable levels by time:
     D:3: 1125 daAuts
     D:2: 979 daAuts
     D:1: 905 daAuts
